 Dungeon Crawl Stone Soup version 0.20.1-1-g8b1a95d (webtiles) character file.

3686 ninurtach the Cleaver (level 9, -3/83 HPs)
             Began as a Minotaur Fighter on Nov 14, 2017.
             Was a Believer of Okawaru.
             Slain by a two-headed ogre
             ... wielding a +0 dire flail
              (6 damage)
             ... on level 8 of the Dungeon.
             The game lasted 00:15:25 (8447 turns).

ninurtach the Cleaver (Minotaur Fighter)            Turns: 8447, Time: 00:15:26

Health: -3/83      AC: 17    Str: 20    XL:     9   Next: 90%
Magic:  10/10      EV:  4    Int:  5    God:    Okawaru [**....]
Gold:   464        SH:  9    Dex: 14    Spells: 8/8 levels left

rFire    . . .     SeeInvis .   a - +1 war axe
rCold    . . .     Gourm    .   c - +0 shield
rNeg     . . .     Faith    .   p - +0 plate armour
rPois    .         Spirit   .   o - +0 hat
rElec    .         Reflect  .   d - +1 cloak {+Inv}
rCorr    .         Harm     .   O - +0 pair of gloves
MR       .....                  (no boots)
Stlth    ..........             H - amulet of rage
Regen    0.3/turn               (no ring)
MPRegen  0.2/turn               F - ring of flight

@: no status effects
A: retaliatory headbutt, horns 2
a: Heroism, Renounce Religion, Evoke Berserk Rage, Evoke Invisibility, Evoke
Flight


You were on level 8 of the Dungeon.
You worshipped Okawaru.
Okawaru was pleased with you.
You were not hungry.

You visited 2 branches of the dungeon, and saw 9 of its levels.

You collected 464 gold pieces.

Inventory:

Hand Weapons
 a - a +1 war axe (weapon)
Armour
 c - a +0 shield (worn)
 d - a +1 cloak of invisibility (worn)
 o - a +0 hat (worn)
 p - a +0 plate armour (worn)
 O - a +0 pair of gloves (worn)
Jewellery
 s - an uncursed ring of fire
 E - an uncursed amulet of magic regeneration
 F - a ring of flight (right hand)
 H - an amulet of rage (around neck)
Wands
 u - a wand of confusion (19/48)
 M - a wand of flame (18/48)
Scrolls
 e - 3 scrolls of blinking
 g - 2 scrolls of magic mapping
 h - 3 scrolls of enchant armour {unknown}
 i - a scroll of identify
 j - 3 scrolls of recharging
 l - 3 scrolls of teleportation
 n - 2 scrolls of enchant weapon
 x - a scroll of noise {unknown}
 y - 2 scrolls of immolation {unknown}
 A - a scroll of fear
 B - 3 scrolls of remove curse
 N - a scroll of amnesia {unknown}
 P - a scroll of torment {unknown}
Potions
 q - 2 potions of lignification
 t - a potion of ambrosia
 w - a potion of curing
 z - a potion of magic
 G - a potion of flight {unknown}
 L - 2 potions of might
 Q - a potion of haste {unknown}
Books
 C - a book of Misfortune

   Spells                             Type                      Level
   a - Confusing Touch                Hexes                        1
   b - Confuse                        Hexes                        3
   c - Gell's Gravitas                Translocation                3
   d - Petrify                        Transmutation/Earth          4
   e - Metabolic Englaciation         Hexes/Ice                    5
   f - Yara's Violent Unravelling     Hexes/Transmutation          5
 D - a book of Cantrips

   Spells                             Type                      Level
   a - Confusing Touch                Hexes                        1
   b - Animate Skeleton               Necromancy                   1
   c - Summon Small Mammal            Summoning                    1
   d - Apportation                    Translocation                1
 I - a Young Poisoner's Handbook

   Spells                             Type                      Level
   a - Sting                          Conjuration/Poison           1
   b - Poisonous Vapours              Poison/Air                   2
   c - Mephitic Cloud                 Conjuration/Poison/Air       3
   d - Olgreb's Toxic Radiance        Poison                       4
   e - Venom Bolt                     Conjuration/Poison           5
 K - a book of Minor Magic

   Spells                             Type                      Level
   a - Magic Dart                     Conjuration                  1
   b - Blink                          Translocation                2
   c - Call Imp                       Summoning                    2
   d - Slow                           Hexes                        2
   e - Conjure Flame                  Conjuration/Fire             3
   f - Mephitic Cloud                 Conjuration/Poison/Air       3
Comestibles
 b - 5 meat rations
 f - 7 bread rations
 k - 7 chunks of flesh
 m - 8 royal jellies
 r - 9 fruits


   Skills:
 + Level 9.1 Fighting
 - Level 11.3 Axes
 - Level 7.8 Armour
 - Level 3.6 Shields
 + Level 3.7 Invocations
 + Level 3.4 Evocations


You had 8 spell levels left.
You didn't know any spells.

Dungeon Overview and Level Annotations

Branches:
Dungeon (8/15)             Temple (1/1) D:5
   Lair: D:8-11

Altars:
Ashenzari
Cheibriados
Dithmenos
Elyvilon
Gozag
Hepliaklqana
Kikubaaqudgha
Makhleb
Nemelex Xobeh
Okawaru
Qazlal
Ru
Trog
Uskayaw
Xom
Yredelemnul
The Shining One


Innate Abilities, Weirdness & Mutations

You reflexively headbutt those who attack you in melee.
You have a pair of horns on your head.


Message History

You hit the two-headed ogre but do no damage.
The two-headed ogre hits you with a dire flail!
The two-headed ogre hits you but does no damage.
You take 15 damage, and have 44/83 hp.
You hit the two-headed ogre. You headbutt the two-headed ogre.
The two-headed ogre hits you but does no damage.
The two-headed ogre hits you with a giant spiked club!!
* * * LOW HITPOINT WARNING * * *
You take 21 damage, and have 23/83 hp.
MASSIVE DAMAGE!!
You slash the two-headed ogre!
Your headbutt misses the two-headed ogre.
The two-headed ogre hits you with a dire flail!!
* * * LOW HITPOINT WARNING * * *
You block the two-headed ogre's attack.
You take 21 damage, and have 2/83 hp.
MASSIVE DAMAGE!!
Aim: a two-headed ogre, wielding a dire flail and a giant spiked club (severely wounded)
The puff of flame hits the two-headed ogre.
Evoking this partially-identified wand wasted a few charges.
The two-headed ogre hits you with a dire flail.
You die...

..#####.#.######.##
.......(................##
........##............####
........##............# #
........##..........).+
........#............)#
...!....#...........).#
..$.....#.............#
........#@#####'###)###
.......[O...# #.#...#
####.[......'...#.#..
#.....%..#####.#...
#........# # #....
########## #..... +.....(
#.......


You could see a two-headed ogre.

Vanquished Creatures
  A two-headed ogre (D:8)
  Prince Ribbit (D:5)
  A spriggan (D:7)
  Menkaure (D:6)
  Duvessa (D:5)
  A water moccasin (D:7)
  2 orc warriors (D:8)
  A sky beast (D:6)
  A black bear (D:7)
  A necrophage (D:6)
  3 ogres
  2 centaurs
  5 bullfrogs
  Dowan (D:5)
  4 scorpions
  An electric eel (D:7)
  2 crimson imps (D:7)
  3 orc priests
  2 hounds
  Crazy Yiuf (D:5)
  A jelly (D:5)
  8 orc wizards
  2 bullfrog skeletons
  A centaur skeleton (D:4)
  Terence (D:2)
  3 worker ants
  5 adders
  10 gnolls
  A shadow imp (D:5)
  An ooze (D:3)
  2 worms (D:4)
  A dart slug (D:2)
  3 leopard geckos
  25 orcs
  5 ball pythons
  7 bats
  5 giant cockroaches
  6 goblins
  5 hobgoblins
  9 jackals
  2 quokkas
  6 frilled lizards
  A giant cockroach zombie (D:5)
  12 kobolds
  A leopard gecko skeleton (D:5)
  11 rats
  2 plants (D:7)
171 creatures vanquished.

Vanquished Creatures (others)
  An orc priest (D:3)
1 creature vanquished.

Grand Total: 172 creatures vanquished

Notes
Turn   | Place    | Note
-------+----------+-------------------------------------------
     0 | D:1      | ninurtach the Minotaur Fighter began the quest for the Orb.
     0 | D:1      | Reached XP level 1. HP: 19/19 MP: 0/0
   446 | D:1      | Reached skill level 3 in Axes
   466 | D:1      | Reached XP level 2. HP: 23/26 MP: 1/1
   710 | D:1      | Reached skill level 4 in Axes
  1083 | D:2      | Reached XP level 3. HP: 31/31 MP: 2/2
  1485 | D:2      | Reached skill level 5 in Axes
  1514 | D:2      | Found a bloodstained altar of Trog.
  1515 | D:2      | Noticed Terence
  1529 | D:2      | Killed Terence
  1529 | D:2      | Reached XP level 4. HP: 25/39 MP: 3/3
  2028 | D:3      | Found a shadowy altar of Dithmenos.
  2173 | D:3      | Reached skill level 6 in Axes
  2187 | D:3      | Found a white marble altar of Elyvilon.
  2201 | D:3      | Reached XP level 5. HP: 37/45 MP: 4/4
  2399 | D:3      | Found a basalt altar of Yredelemnul.
  2495 | D:4      | Reached skill level 7 in Axes
  2505 | D:4      | Noticed an ogre
  2512 | D:4      | Killed an ogre
  2512 | D:4      | Reached XP level 6. HP: 25/51 MP: 5/5
  2889 | D:4      | Reached skill level 8 in Axes
  3041 | D:4      | Found a glowing golden altar of the Shining One.
  3255 | D:4      | Reached skill level 9 in Axes
  3726 | D:5      | Entered Level 5 of the Dungeon
  3733 | D:5      | Reached XP level 7. HP: 42/57 MP: 6/6
  3941 | D:5      | Noticed Duvessa
  3942 | D:5      | Noticed Dowan
  3944 | D:5      | Noticed Prince Ribbit
  3947 | D:5      | Killed Duvessa
  3947 | D:5      | Reached skill level 10 in Axes
  3954 | D:5      | Killed Dowan
  3974 | D:5      | Killed Prince Ribbit
  3974 | D:5      | Reached skill level 11 in Axes
  3974 | D:5      | Reached XP level 8. HP: 36/64 MP: 7/7
  4476 | D:5      | Found a runed door.
  4480 | D:5      | Noticed Crazy Yiuf
  4487 | D:5      | Killed Crazy Yiuf
  4653 | D:5      | Found a staircase to the Ecumenical Temple.
  4660 | Temple   | Entered the Ecumenical Temple
  4762 | Temple   | Became a worshipper of Warmaster Okawaru
  5330 | D:6      | Noticed Menkaure
  5339 | D:6      | Killed Menkaure
  5339 | D:6      | Reached skill level 5 in Armour
  5344 | D:6      | Reached skill level 5 in Fighting
  5908 | D:6      | Reached * piety under Okawaru
  6048 | D:6      | Reached XP level 9. HP: 77/77 MP: 8/8
  6504 | D:7      | Found an opulent altar of Gozag.
  7700 | D:7      | Reached skill level 1 in Invocations
  7700 | D:7      | Reached skill level 1 in Evocations
  7931 | D:8      | Noticed a two-headed ogre
  7948 | D:8      | Killed a two-headed ogre
  7948 | D:8      | Reached ** piety under Okawaru
  8432 | D:8      | Noticed a two-headed ogre
  8444 | D:8      | HP: 2/83 [two-headed ogre/dire flail (21)]
  8447 | D:8      | Slain by a two-headed ogre

Skill      XL: |  1  2  3  4  5  6  7  8  9 |
---------------+----------------------------+-----
Axes           | 3 4 5 6 7 9 11 | 11.3
Fighting       | 6 9 |  9.1
Armour         | 7 |  7.8
Invocations    | 3 |  3.7
Evocations     | 3 |  3.4
Shields        | |  3.6

Action                   |  1- 3 |  4- 6 |  7- 9 || total
-------------------------+-------+-------+-------++-------
Melee: War axe           |    99 |   105 |   286 ||   490
       Headbutt          |    13 |    32 |    60 ||   105
Throw: Throwing net      |       |     1 |     1 ||     2
 Abil: Evoke Berserk Rag |       |       |     1 ||     1
       Evoke Invisibilit |       |       |     1 ||     1
Evoke: Wand              |       |       |     1 ||     1
  Use: Scroll            |     2 |     3 |     9 ||    14
       Potion            |       |       |     3 ||     3
  Eat: Chunk             |     2 |     7 |    12 ||    21
       Bread ration      |       |       |     1 ||     1
Armor: Scale mail        |    20 |       |       ||    20
       Plate armour      |    20 |    52 |   107 ||   179
Dodge: Dodged            |    25 |    15 |    39 ||    79
Block: Shield            |    62 |    37 |   108 ||   207
